 Dungeon Crawl Stone Soup version 0.31.0-9-g3a7656b989 (webtiles) character file.

Game seed: 3993092636172073575

4104 ces the Skirmisher (level 10, 0/51 HPs)
             Began as a Spriggan Brigand on Jan 24, 2024.
             Was an Initiate of Gozag.
             Succumbed to a kobold brigand's curare-tipped dart
             ... on level 7 of the Dungeon.
             The game lasted 00:23:59 (8964 turns).

ces the Skirmisher (Spriggan Brigand)               Turns: 8964, Time: 00:24:00

Health: 0/51       AC:  9    Str:  5    XL:     10   Next: 6%
Magic:  3/3        EV: 24    Int: 12    God:    Gozag
Gold:   842        SH:  0    Dex: 24    Spells: 9/9 levels left

rFire   + . .        b - +10 sling "Poeseiwk" {antimagic, rElec rF+ Dex+2}
rCold   . . .        (no shield)
rNeg    . . .        r - +1 robe
rPois   .            i - +2 hat {Stlth+}
rElec   +            x - +1 cloak
rCorr   .            (gloves unavailable)
SInv    +            (boots unavailable)
Will    +....        (no amulet)
Stlth   ++++++       (no ring)
HPRegen 0.28/turn    (no ring)
MPRegen 0.08/turn

%: no passive effects
@: lethally poisoned (0 -> -15), slowed, quick
A: very small, no large weapons, unfitting armour, see invisible, speed 3,
iridescent scales 1, low MP 1, mutation resistance 1, weak 1, subdued magic 1,
noise suppression
a: Renounce Religion, Potion Petition, Call Merchant, Bribe Branch


You were on level 7 of the Dungeon.
You worshipped Gozag.
Gozag was pleased with you.
You visited 1 branch of the dungeon, and saw 8 of its levels.

You collected 934 gold pieces.
You paid 92 gold pieces to Gozag.

Inventory:

Hand Weapons
 a - a +3 dagger of draining
 b - the +10 sling "Poeseiwk" (weapon) {antimagic, rElec rF+ Dex+2}
   (You found it on level 6 of the Dungeon)

   Dex+2:     It affects your dexterity (+2).
   rF+:       It protects you from fire.
   rElec:     It insulates you from electricity.
Missiles
 e - 3 curare-tipped darts
 l - 12 poisoned darts
Armour
 i - a +2 hat of stealth (worn)
 r - a +1 robe (worn)
 x - a +1 cloak (worn)
Jewellery
 u - a ring of resist corrosion
Wands
 o - a wand of light (6)
Scrolls
 c - a scroll of vulnerability
 d - 2 scrolls of butterflies
 f - a scroll of amnesia
 g - 6 scrolls of teleportation
 n - a scroll of identify
 p - 2 scrolls of blinking
 t - a scroll of enchant armour
 w - a scroll of silence {unknown}
Potions
 h - 3 potions of attraction
 j - 2 potions of might
 k - a potion of curing
 m - 3 potions of enlightenment
 q - 3 potions of heal wounds
 v - a potion of resistance


   Skills:
 - Level 5.1 Fighting
 - Level 2.1 Short Blades
 * Level 11.1 Ranged Weapons
 - Level 2.3 Throwing
 - Level 7.7 Dodging
 - Level 8.9 Stealth


You had 9 spell levels left.
You didn't know any spells.
Your spell library contained the following spells:

 Spells                   Type           Power      Damage    Failure   Level
 Apportation              Tloc           0%         N/A       28%         1
 Slow                     Hex            0%         N/A       28%         1
 Jinxbite                 Hex            0%         N/A       41%         2
 Confusing Touch          Hex            0%         N/A       65%         3
 Sigil of Binding         Hex            0%         N/A       65%         3
 Vampiric Draining        Necr           0%         2d6       65%         3
 Volatile Blastmotes      Fire/Tloc      0%         2d10      65%         3
 Fulminant Prism          Conj/Alch      0%         3d5       96%         4
 Iskenderun's Mystic Bla  Conj/Tloc      0%         2d3       96%         4
 Leda's Liquefaction      Alch/Erth      0%         N/A       96%         4
 Alistair's Intoxication  Alch           0%         N/A       100%        5
 Lee's Rapid Deconstruct  Erth           0%         3d4*      100%        5
 Bombard                  Conj/Erth      0%         9d1       100%        6


Dungeon Overview and Level Annotations

Branches:
Dungeon (8/15)             Temple (0/1) D:6            Lair (0/5) D:8

Altars:
Cheibriados
Fedhas
Gozag
Hepliaklqana
Kikubaaqudgha
Makhleb
Qazlal
Ru
Uskayaw
Wu Jian
The Shining One

Shops:
D:8 [

Annotations:
D:3 3 runed translucent doors, solopath's ghost, amateur TrFi


Innate Abilities, Weirdness & Mutations

You are very small and have problems with some larger weapons.
You are too small for most types of armour.
You have supernaturally acute eyesight. (SInv)
You cover ground extremely quickly. (Speed+++)
You are partially covered in iridescent scales. (AC +2)
Your magical capacity is low. (-10% MP)
You are somewhat resistant to further mutation.
You are weak. (Str -2)
Your spells are a little easier to cast, but a little less powerful.
You passively dampen the noise of your surroundings.


Message History

The curare-tipped dart completely misses you.
You feel better.
The kobold brigand throws a curare-tipped dart.
The curare-tipped dart closely misses you.
The kobold brigand throws a curare-tipped dart.
The curare-tipped dart misses you.
The kobold brigand throws a curare-tipped dart.
The curare-tipped dart hits you.
You are poisoned.
You have difficulty breathing.
You feel as though you will be slow longer.
You feel very sick.
You feel sick.
You feel sick.
You feel sick.
You feel sick.
You feel sick.
You feel sick.
You feel sick.
You feel sick.
You feel sick.
You are no longer poisoned.
Things that are here:
a +0 orcbow; an amulet of faith
There is a stone staircase leading up here.
The kobold brigand throws a curare-tipped dart.
The curare-tipped dart hits you.
You are poisoned.
You have difficulty breathing.
* * * LOW HITPOINT WARNING * * *
You feel as though you will be slow longer.
The kobold brigand throws a curare-tipped dart.
The curare-tipped dart hits you.
You are lethally poisoned!
You have difficulty breathing.
* * * LOW HITPOINT WARNING * * *
You feel as though you will be slow longer.
You climb upwards.
You die...
Your body crumbles into a pile of gold.

#....)..)).)..)...'.......##..
####...####.........#.......####
#.........##.......##.###.#.....
#.##.####.###.....###.# #####.##
#.#...###.# ##...## #.# #####...
#..#.#.##.# ##+## #.# #...).##
#..#...##.# #.# #.# #.###.#
#..##..##.# #.# #.###.###.#
#.........# ##@## #.........#
#####.##### ##...## #####.#####
##.###.###.....### #.#
#.......###......#####.#
##.###.## ##.#.........# ###
#.#####.......#####
#.............# #######.......#
######## #.#...###


There were no monsters in sight!

Vanquished Creatures
  A komodo dragon (D:8)
  2 steam dragons
  Menkaure (D:7)
  Edmund (D:4)
  5 water moccasins
  3 orc warriors
  3 ogres
  4 black bears
  An ice beast (D:7)
  2 centaurs (D:8)
  2 phantoms
  Blork the orc (D:6)
  5 bullfrogs
  A gnoll sergeant (D:7)
  A scorpion (D:6)
  5 wights
  A bombardier beetle (D:5)
  3 hounds
  6 orc priests
  A jelly (D:6)
  6 iguanas
  Jessica (D:3)
  A sleepcap (D:4)
  3 orc wizards
  5 gnolls (D:7)
  5 adders
  A shadow imp (D:5)
  2 ufetubi (D:5)
  6 dart slugs
  A ribbon worm (D:2)
  29 orcs
  5 ball pythons
  6 endoplasms
  3 giant cockroaches
  4 goblins
  5 hobgoblins
  5 quokkas
  3 bats (D:1)
  5 frilled lizards
  10 kobolds
  7 rats
162 creatures vanquished.

Notes
Turn   | Place    | Note
-------+----------+-------------------------------------------
     0 | D:1      | ces the Spriggan Brigand began the quest for the Orb.
     0 | D:1      | Reached XP level 1. HP: 10/10 MP: 2/2
   192 | D:1      | Reached XP level 2. HP: 7/15 MP: 3/3
   606 | D:1      | Reached XP level 3. HP: 18/18 MP: 4/4
  2190 | D:3      | Found a hazy altar of Hepliaklqana.
  2287 | D:3      | Found a blossoming altar of Fedhas.
  2507 | D:3      | Reached XP level 4. HP: 23/23 MP: 5/5
  2546 | D:3      | Noticed a phantom
  2548 | D:3      | Killed a phantom
  2549 | D:3      | Reached XP level 5. HP: 28/28 MP: 6/6
  2562 | D:3      | Found a runed translucent gate.
  2565 | D:3      | Found a runed translucent gate.
  2568 | D:3      | Found a runed translucent gate.
  2568 | D:3      | Found an opulent altar of Gozag.
  2605 | D:3      | Noticed Jessica
  2618 | D:3      | Killed Jessica
  2786 | D:3      | Noticed solopath's ghost (amateur TrFi)
  3229 | D:4      | Noticed a phantom
  3287 | D:5      | Entered Level 5 of the Dungeon
  3371 | D:4      | Found a hide-covered altar of Uskayaw.
  3386 | D:4      | Found an opulent altar of Gozag.
  3393 | D:4      | Gained mutation: You occasionally lose the ability to drink
                  | potions when taking damage. [potion of mutation]
  3393 | D:4      | Gained mutation: You passively dampen the noise of your
                  | surroundings. [potion of mutation]
  3393 | D:4      | Gained mutation: You are weak. (Str -2) [potion of
                  | mutation]
  3393 | D:4      | Gained mutation: You have a pair of small horns on your
                  | head. [potion of mutation]
  3579 | D:4      | Noticed an ogre
  3584 | D:4      | Killed an ogre
  3585 | D:4      | Reached skill level 5 in Dodging
  3585 | D:4      | Reached XP level 6. HP: 32/32 MP: 7/7
  3634 | D:4      | Noticed Edmund
  3666 | D:4      | Killed Edmund
  3935 | D:4      | Reached XP level 7. HP: 34/37 MP: 8/8
  4225 | D:4      | Became a worshipper of Gozag Ym Sagoz the Greedy
  4460 | D:6      | Found a stormy altar of Qazlal.
  4971 | D:5      | You fall into a shaft and drop 1 floor!
  4984 | D:6      | Found a glowing golden altar of the Shining One.
  5142 | D:6      | Noticed Blork the orc
  5154 | D:6      | Found a burning altar of Makhleb.
  5672 | D:5      | Reached skill level 5 in Fighting
  5728 | D:6      | Reached XP level 8. HP: 41/43 MP: 9/9
  5822 | D:6      | Found a staircase to the Ecumenical Temple.
  5837 | D:6      | Identified the +10 sling "Poeseiwk" {antimagic, rElec rF+
                  | Dex+2}
  5873 | D:6      | Reached skill level 1 in Ranged Weapons
  5878 | D:6      | Reached skill level 2 in Ranged Weapons
  6100 | D:6      | Reached skill level 3 in Ranged Weapons
  6123 | D:6      | Killed Blork the orc
  6136 | D:6      | Reached skill level 4 in Ranged Weapons
  6487 | D:6      | Found a snail-covered altar of Cheibriados.
  6508 | D:6      | Reached skill level 5 in Ranged Weapons
  7348 | D:7      | Reached skill level 6 in Ranged Weapons
  7382 | D:7      | Found an ornate altar of the Wu Jian Council.
  7424 | D:7      | Found a sacrificial altar of Ru.
  7549 | D:7      | Reached XP level 9. HP: 47/47 MP: 3/10
  7816 | D:7      | Reached skill level 7 in Ranged Weapons
  8011 | D:7      | Noticed Menkaure
  8015 | D:7      | Killed Menkaure
  8078 | D:7      | Reached skill level 8 in Ranged Weapons
  8431 | D:8      | Found Qoemagib's Antique Armour Boutique.
  8451 | D:8      | Reached skill level 9 in Ranged Weapons
  8504 | D:8      | Found an ancient bone altar of Kikubaaqudgha.
  8657 | D:8      | Lost mutation: You have a pair of small horns on your head.
                  | [potion of mutation]
  8657 | D:8      | Lost mutation: You occasionally lose the ability to drink
                  | potions when taking damage. [potion of mutation]
  8657 | D:8      | Gained mutation: Your spells are a little easier to cast,
                  | but a little less powerful. [potion of mutation]
  8657 | D:8      | Gained mutation: Your magical capacity is low. (-10% MP)
                  | [potion of mutation]
  8657 | D:8      | Gained mutation: You are somewhat resistant to further
                  | mutation. [potion of mutation]
  8657 | D:8      | Gained mutation: You are partially covered in iridescent
                  | scales. (AC +2) [potion of mutation]
  8687 | D:8      | Reached skill level 10 in Ranged Weapons
  8771 | D:8      | Noticed a komodo dragon
  8792 | D:8      | Found a staircase to the Lair.
  8839 | D:8      | Killed a komodo dragon
  8840 | D:8      | Reached XP level 10. HP: 51/51 MP: 3/10
  8902 | D:8      | Reached skill level 11 in Ranged Weapons
  8964 | D:7      | Succumbed to a kobold brigand's curare-tipped dart

Illustrated notes

Levels and vault maps discovered:
D:1:      sevenhm_arrival_forest_fort_large_1, layout_basic, minmay_surrounded
D:2:      layout_basic, nicolae_figureground_sparkle
D:3:      layout_loops_corners, nicolae_hepliaklqana_hippocampus,
          fedhas_altar_1, ebering_ghost_gozag, kennysheep_another_room,
          uniq_jessica
D:4:      kennysheep_spiral_hall, layout_basic,
          nicolae_uskayaw_murder_on_the_dancefloor,
          mainiacjoe_overflow_cross_hatched, uniq_edmund
D:5:      layout_rooms, hangedman_decor_points
D:6:      layout_layer_cave, nicolae_overflow_crystal_walls,
          kennysheep_slug_shrine, mainiacjoe_overflow_tiny_flanked,
          tso_metal_star, minmay_temple_entry_statues_fountains,
          uniq_blork_the_orc
D:7:      layout_loops_corners, old_standard_altar, nzn_wu_jian_council_hall,
          uniq_menkaure
D:8:      layout_basic, mainiacjoe_overflow_surrounded_room,
          mainiacjoe_overflow_catwalk, due_lair_maze_entry_diamond,
          serial_shops, shop

Skill      XL: |  1  2  3  4  5  6  7  8  9 10 |
---------------+-------------------------------+-----
Stealth        | 6 7 8 |  8.9
Dodging        | 2 3 5 6 7 |  7.7
Fighting       | 2 3 4 5 |  5.1
Ranged Weapons | 6 10 11 | 11.1
Short Blades   | |  2.1
Throwing       | |  2.3

Action                     |  1- 3 |  4- 6 |  7- 9 | 10-12 || total
---------------------------+-------+-------+-------+-------++-------
  Melee: Dagger            |   128 |    41 |    86 |       ||   255
         Punch             |     1 |     1 |     1 |       ||     3
         Headbutt          |       |     8 |    17 |       ||    25
   Fire: Sling             |       |       |   175 |    18 ||   193
  Throw: Dart              |    27 |    30 |    61 |       ||   118
    Use: Scroll            |     3 |     7 |     9 |       ||    19
         Potion            |       |     1 |     1 |     1 ||     3
   Stab: Sleeping          |    21 |    12 |    10 |       ||    43
 Armour: Robe              |    22 |    13 |    32 |       ||    67
  Dodge: Dodged            |    80 |    30 |   133 |     4 ||   247
